 Dungeon Sprint DCSS version 0.26.1-11-gd32895ea62 (webtiles) character file.

Game seed: 13512104775753573064

32 Zeld the Digger (level 3, -1/19 HPs)
             Began as a Gargoyle Earth Elementalist on Sept 9, 2021.
             Slain by a human (4 damage)
             ... in the Dungeon (Sprint III: "The Ten Rune Challenge").
             The game lasted 00:01:47 (160 turns).

Zeld the Digger (Gargoyle Earth Elementalist)        Turns: 160, Time: 00:01:47

Health: -1/19      AC:  7    Str: 11    XL:     3   Next: 25%
Magic:  5/7        EV: 12    Int: 16    God:
Gold:   15         SH:  0    Dex: 10    Spells: 2/8 levels left

rFire    . . .     SeeInvis .   a - +2 club (spect)
rCold    . . .     Faith    .   (no shield)
rNeg     + + .     Spirit   .   j - +2 robe {rN+}
rPois    ∞         Reflect  .   (no helmet)
rElec    +         Harm     .   (no cloak)
rCorr    .         Rampage  .   (no gloves)
Will     .....     NoTele   +   (no boots)
Stlth    ++........             (no amulet)
HPRegen  0.06/turn              (no ring)
MPRegen  0.10/turn              (no ring)

@: no status effects
A: negative energy resistance 1, electricity resistance, unbreathing,
petrification resistance, miasma immunity, AC +3
a: no special abilities


You were in the Dungeon.
You visited 1 branch You collected 15 gold pieces.

Inventory:

Hand Weapons
 a - a +2 spectral club (weapon)
Armour
 j - a +2 robe of positive energy (worn)
Scrolls
 i - a scroll of blinking
Potions
 d - a potion of curing
 e - a potion of heal wounds
 f - a potion of haste
 g - 2 potions of magic
 h - a potion of berserk rage


   Skills:
 + Level 2.3 Armour
 + Level 2.4 Dodging
 + Level 3.4 Stealth
 * Level 3.4 Spellcasting
 + Level 0.0 Conjurations
 - Level 1.0 Transmutations
 * Level 5.3 Earth Magic


You had 2 spell levels left.
You knew the following spells:

 Your Spells              Type           Power        Failure   Level
a - Sandblast             Erth           38%          1%          1
b - Passwall              Tmut/Erth      10%          8%          2
c - Stone Arrow           Conj/Erth      22%          19%         3

Your spell library contained the following spells:

 Spells                   Type           Power        Failure   Level
 Petrify                  Tmut/Erth      12%          43%         4
 Lee's Rapid Deconstruct  Erth           9%           50%         5


Dungeon Overview and Level Annotations

Branches:
Dungeon (1/1)

Altars:


Innate Abilities, Weirdness & Mutations

You are resistant to torment.
Your stone body is resilient. (AC +3)
You are immune to poison.
You resist negative energy. (rN+)
You are resistant to electric shocks. (rElec)
You can survive without breathing.
You are immune to petrification.
You are immune to miasma.


Message History

The human is lightly wounded.
The human hits you.
* * * LOW HITPOINT WARNING * * *
The human misses you.
You miss the human.
The human is lightly wounded.
The human hits you but does no damage.
You are too injured to fight recklessly!
Unknown command.
There is an open door here.
There is an open door here.
You see here a rat corpse.
There is an open door here.
Casting: Stone Arrow (extremely dangerous; 19% risk of failure)
Confirm with . or Enter, or press ? or * to list all spells.
Aiming: Passwall (safe; 8% risk of failure)
Press: ? - help, Dir - move target, p - human A rock wall.
The human hits you.
You die...

▓▓▓▓ ▓<.# ▓.@#
▓#p#### ▓..†..#
▓.....#...≈≈♣..♣..#
▓....)#..≈≈≈≈.♣...+
▓####†#..≈≈≈≈≈≈♣..#
▓....[#.≈≈≈≈≈≈....#
▓.....#.≈≈≈≈≈.....#
▓.....#.≈≈≈.......#


You could see a human.

Vanquished Creatures
  Jessica (D)
  An ooze (D)
  2 rats (D)
4 creatures vanquished.

Notes
Turn   | Place    | Note
-------+----------+-------------------------------------------
     0 | D        | Zeld the Gargoyle Earth Elementalist began the quest for
                  | the Orb.
     0 | D        | Reached XP level 1. HP: 10/10 MP: 3/3
     3 | D        | Reached skill level 1 in Armour
     3 | D        | Reached skill level 1 in Transmutations
     3 | D        | Reached skill level 4 in Earth Magic
    41 | D        | Noticed Jessica
    43 | D        | Killed Jessica
    44 | D        | Reached skill level 5 in Earth Magic
    44 | D        | Reached XP level 2. HP: 15/15 MP: 3/6
    44 | D        | Reached XP level 3. HP: 19/19 MP: 3/7
    66 | D        | Learned a level 2 spell: Passwall
    70 | D        | Learned a level 3 spell: Stone Arrow
   160 | D        | Slain by a human

Illustrated notes

Levels and vault maps discovered:
D:        dungeon_sprint_mu [sprint_mu_entry_forest, sprint_mu_temple_rooms,
          sprint_mu_d1_horrors, sprint_mu_d2_genie, sprint_mu_d3_branching,
          sprint_mu_orc_legion, sprint_mu_elf_gauntlet, sprint_mu_hive_nellie,
          sprint_mu_lair_fedhas, sprint_mu_vaults_butterflies,
          sprint_mu_slime_circle, sprint_mu_swamp_cave, sprint_mu_snake_twists,
          sprint_mu_blade_basic, sprint_mu_crypt_lich, sprint_mu_tomb_spiral,
          sprint_mu_vestibule_basic, sprint_mu_gehenna_hellfire,
          sprint_mu_dis_giant, sprint_mu_tartarus_statrot,
          sprint_mu_cocytus_islands, sprint_mu_zot1]

Skill      XL: |  1 |
---------------+----+-----
Armour         | 2 |  2.3
Transmutations | 1 |  1.0
Earth Magic    | 5 |  5.3
Dodging        | 2 |  2.4
Stealth        | 3 |  3.4
Spellcasting   | 3 |  3.4

Action                   || total
-------------------------++-------
Melee: Club              ||     7
 Cast: Sandblast         ||     7
       Stone Arrow       ||     1
       Passwall          ||     1
Armor: Robe              ||     5
Dodge: Dodged            ||     2
